 Dungeon Crawl Stone Soup version 0.19.5 (webtiles) character file.

102 Monsterracer the Cudgeler (level 4, -1/45 HPs)
             Began as an Ogre Transmuter on Sept 16, 2017.
             Slain by an orc wizard
             ... wielding a +0 dagger
              (2 damage)
             ... on level 2 of the Dungeon.
             The game lasted 00:05:24 (3599 turns).

Monsterracer the Cudgeler (Ogre Transmuter)         Turns: 3599, Time: 00:05:25

Health: -1/45      AC:  3    Str: 18    XL:     4   Next: 78%
Magic:  7/7        EV: 10    Int: 12    God:
Gold:   77         SH:  0    Dex: 10    Spells: 1 memorised, 6 levels left

rFire  + . .     SeeInvis .     a - +0 whip
rCold  + . .     Gourm    .     s - +0 robe
rNeg   . . .     Faith    .     (no shield)
rPois  +         Spirit   .     (helmet restricted)
rElec  +         Reflect  .     (no cloak)
rCorr  +         Harm     .     (gloves unavailable)
MR     .....                    (boots unavailable)
Stlth  +.........               (no amulet)
                                o - ring of wizardry
                                c - +2 ring of strength

@: resistant
A: unfitting armour, tough skin 1
a: no special abilities


You were on level 2 of the Dungeon.
You were not hungry.

You visited 1 branch of the dungeon, and saw 3 of its levels.

You collected 77 gold pieces.

Inventory:

Hand Weapons
 a - a +0 whip (weapon)
 b - a +0 great mace
Armour
 s - a +0 robe (worn)
Jewellery
 c - a +2 ring of strength (left hand)
 o - a ring of wizardry (right hand)
Scrolls
 e - a scroll of immolation {unknown}
 g - a scroll of teleportation {unknown}
 i - a scroll of fear {unknown}
 j - a scroll of fog {unknown}
 n - a scroll of identify {unknown}
Potions
 f - a potion of heal wounds
 h - a potion of curing
Comestibles
 d - 2 bread rations
 l - a slice of pizza
 m - a meat ration
 p - 4 chunks of flesh
 q - 3 fruits
 r - a beef jerky


   Skills:
 + Level 3.0 Fighting
 * Level 4.2 Maces & Flails
 + Level 1.4 Throwing
 - Level 1.7 Dodging
 - Level 2.6 Unarmed Combat
 - Level 2.4 Spellcasting
 - Level 1.3 Transmutations


You had 6 spell levels left.
You knew the following spells:

 Your Spells              Type           Power        Failure   Level  Hunger
a - Beastly Appendage     Tmut           #.....       6%          1    ##.....


Dungeon Overview and Level Annotations

Branches:
Dungeon (3/15)

Altars:

Annotations:
D:2 Sigmund


Innate Abilities, Weirdness & Mutations

You are too large for most types of armour.
You have tough skin. (AC +1)


Message History

Huge Dmg: -9%(-4hp) hp: 25%(11hp)
You miss something. Something hits you.
* * * LOW HITPOINT WARNING * * *
Huge Dmg: -11%(-5hp) hp: 14%(6hp) It was a potion of resistance.
You feel protected. Something hits you.
* * * LOW HITPOINT WARNING * * *
Unknown command.
You hit something. Something hits you but does no damage.
You hit something. Something hits you.
* * * LOW HITPOINT WARNING * * *
Damage: -2%(-1hp) hp: 12%(5hp)
You miss something.
Unknown command.
You barely miss something. Something hits you.
* * * LOW HITPOINT WARNING * * *
Huge Dmg: -9%(-4hp) hp: 3%(1hp)
You miss something. Something hits you.
You die...

....# #.##.##.#
....#########..#.##.#
...............#.##.#
...............#.##.#
.###.....<((.).#.##.#
..^............#.##.#####
.................#......#
..............#..#####.##
..............#)@# #.#
..............#{># #.#
################## #.#
...............
#######.###@### #.# ###


There were no monsters in sight!

Vanquished Creatures
  2 adders
  An ooze (D:2)
  A dart slug (D:1)
  3 leopard geckos
  4 orcs
  2 ball pythons
  7 bats
  2 giant cockroaches (D:3)
  10 goblins
  11 hobgoblins
  3 jackals (D:2)
  5 kobolds
  2 quokkas (D:3)
  4 frilled lizards
  5 rats
62 creatures vanquished.

Vanquished Creatures (others)
  A hobgoblin (D:2)
1 creature vanquished.

Grand Total: 63 creatures vanquished

Notes
Turn   | Place    | Note
-------+----------+-------------------------------------------
     0 | D:1      | Monsterracer the Ogre Transmuter began the quest for the Orb.
     0 | D:1      | Reached XP level 1. HP: 19/19 MP: 3/3
   230 | D:1      | Reached skill level 1 in Maces & Flails
   391 | D:1      | Reached XP level 2. HP: 28/28 MP: 5/5
   444 | D:1      | Reached skill level 2 in Maces & Flails
  1155 | D:1      | Reached XP level 3. HP: 24/35 MP: 6/6
  1280 | D:1      | Reached skill level 3 in Maces & Flails
  2025 | D:2      | HP: 15/35 [adder (3)]
  2031 | D:2      | HP: 5/35 [adder (3)]
  2034 | D:2      | Reached skill level 1 in Throwing
  2037 | D:2      | HP: 15/36 [hobgoblin (4)]
  2121 | D:2      | HP: 17/36 [kobold/dagger (3)]
  2131 | D:2      | HP: 16/36 [goblin/dagger (2)]
  2136 | D:2      | HP: 15/36 [ooze (1)]
  2140 | D:2      | Reached XP level 4. HP: 18/44 MP: 7/7
  2142 | D:2      | HP: 15/44 [goblin/dagger (4)]
  2656 | D:2      | Noticed Sigmund
  2922 | D:3      | Reached skill level 4 in Maces & Flails
  3180 | D:2      | HP: 21/44 [hobgoblin (4)]
  3184 | D:2      | HP: 8/44 [orc/club (3)]
  3194 | D:2      | HP: 11/44 [orc/club (3)]
  3206 | D:2      | HP: 12/44 [ball python (1)]
  3585 | D:3      | HP: 22/44 [orc/tomahawk of returning (2)]
  3590 | D:2      | HP: 18/45 [something/magic dart (3)]
  3593 | D:2      | HP: 6/45 [something (5)]
  3598 | D:2      | HP: 1/45 [something (4)]
  3599 | D:2      | Slain by an orc wizard

Skill      XL: |  1  2  3  4 |
---------------+-------------+-----
Maces & Flails | 1 2 3 4 |  4.2
Fighting       | 2 3 |  3.0
Throwing       | 1 |  1.4
Dodging        | |  1.7
Unarmed Combat | |  2.6
Spellcasting   | |  2.4
Transmutations | |  1.3

Action                   |  1- 3 |  4- 6 || total
-------------------------+-------+-------++-------
Melee: Unarmed           |    99 |     7 ||   106
       Punch             |     2 |       ||     2
       Whip              |   112 |    96 ||   208
       Great mace        |       |     6 ||     6
  Use: Potion            |     2 |     2 ||     4
 Stab: Sleeping          |       |     1 ||     1
  Eat: Chunk             |     4 |     5 ||     9
Armor: Robe              |    72 |    32 ||   104
Dodge: Dodged            |   134 |    53 ||   187
